Map: 2000 Atmospheres LE

Players

Zubr - Winner!

  • Race: Terran Terran
  • League: Bronze

Creideiki

  • Race: Zerg Zerg

VOD

Have the link to the VOD?

Description

Time

  • Played on: July 23, 2021, 1:18 p.m.
  • Length: 19:35
Show
View Real Time Build Order
Export as new Build Order

Zubr Terran - Winner!

Build Orders:  

Get SALT Encoding   

  12  0:00  SCV  
  13  0:12  SCV  
  14  0:23  Supply Depot  
  14  0:25  SCV  
  15  0:28  Refinery  
  15  0:44  SCV  
  16  0:50  Barracks  
  16  0:57  SCV  
  17  1:09  SCV  
  18  1:26  SCV  
  19  1:39  Command Center  
  19  1:42  Supply Depot  
  19  1:45  Marine  
  20  1:52  SCV  
  21  2:05  Refinery  
  21  2:07  Marine  
  22  2:11  Orbital Command  
  22  2:26  Factory  
  22  2:40  Marine  
  22  2:57  Marine  
  23  2:58  Orbital Command  
  23  3:06  Bunker, SCV  
  23  3:11  Starport  
  24  3:15  Marine, Factory Tech Lab  
  24  3:17  Orbital Command  
  25  3:33  Marine  
  26  3:39  Barracks  
  26  3:42  SCV  
  26  3:46  Siege Tank  
  26  3:48  Viking  
  32  3:51  Marine  
  32  3:52  SCV  
  32  3:54  SCV  
  35  4:04  SCV  
  35  4:07  SCV  
  37  4:16  SCV  
  38  4:19  Fusion Core  
  38  4:23  Starport  
  38  4:29  Barracks Tech Lab  
  38  4:35  Barracks  
  38  4:40  Marine  
  39  4:53  Starport Tech Lab  
  39  4:56  SCV x2  
  39  4:58  Marine  
  39  4:59  Refinery  
  42  5:00  Refinery  
  42  5:08  SCV x2  
  44  5:16  Marine, Engineering Bay  
  44  5:17  Supply Depot  
  44  5:18  Starport Tech Lab  
  44  5:20  SCV  
  46  5:35  Supply Depot  
  46  5:37  Supply Depot  
  46  5:38  Siege Tank, Marine x2  
  51  5:56  Marine x2  
  53  6:08  Bunker  
  53  6:10  Siege Tank  
  56  6:14  Marine x2  
  56  6:15  SCV x2  
  60  6:25  Battlecruiser  
  66  6:27  SCV, Weapon Refit  
  66  6:31  Marine x2  
  69  6:33  Supply Depot  
  69  6:34  Supply Depot  
  69  6:49  Marine  
  70  6:55  Marine  
  70  6:57  Command Center  
  71  7:01  SCV  
  71  7:07  Marine  
  71  7:08  Supply Depot  
  73  7:12  Marine  
  74  7:25  Marine  
  66  7:30  Marine  
  66  7:36  Supply Depot, SCV x2  
  66  7:37  Supply Depot  
  66  7:43  Marine  
  67  7:48  Marine  
  68  8:00  Marine  
  69  8:06  Marine  
  70  8:17  Siege Tank  
  70  8:18  Marine  
  74  8:24  Marine  
  69  8:35  Battlecruiser  
  69  8:36  Marine  
  76  8:42  Marine  
  77  8:54  Marine  
  78  8:59  Marine  
  79  9:04  SCV  
  80  9:12  Marine  
  80  9:16  Battlecruiser, SCV  
  88  9:18  Siege Tank  
  88  9:21  SCV  
  93  9:27  Marine  
  93  9:28  SCV  
  93  9:29  Marine  
  95  9:33  Barracks Tech Lab, SCV  
  95  9:34  Barracks  
  82  9:40  SCV  
  82  9:45  SCV  
  83  9:46  Marauder  
  83  9:47  Marine  
  86  9:53  SCV  
  86  9:54  Battlecruiser  
  86  9:57  SCV  
  94  10:05  Marine, SCV  
  94  10:07  Marine x2  
  96  10:09  SCV  
  96  10:10  Siege Tank  
  96  10:13  Bunker  
  102  10:17  Bunker, SCV  
  102  10:19  Command Center  
  103  10:21  SCV  
  104  10:34  Marine x3  
  108  10:39  Barracks Reactor  
  108  10:42  Siege Tank  
  110  10:45  Stimpack  
  110  10:51  Supply Depot  
  110  11:12  Marine x3  
  110  11:13  SCV x2, Viking  
  117  11:25  SCV  
  118  11:35  Marine x2  
  118  11:36  Marauder  
  118  11:39  Planetary Fortress  
  122  11:40  Marine x2  
  122  11:45  Refinery  
  124  11:47  SCV x2  
  124  11:48  Refinery  
  124  11:53  Marine x2  
  128  11:55  Medivac  
  128  11:57  Marauder  
  128  11:58  Marine  
  133  12:17  Marine  
  127  12:25  Medivac  
  127  12:27  SCV x2  
  131  12:35  Marauder  
  127  12:42  SCV x2  
  129  12:47  Marine  
  129  12:48  Marauder  
  132  12:55  Supply Depot  
  132  13:05  Siege Tank  
  129  13:15  Marine x2  
  129  13:19  Sensor Tower  
  125  13:26  Marine x2  
  91  13:34  Marine x3  
  91  13:36  SCV x2  
  89  13:44  Marine  
  89  13:48  SCV x2  
  92  13:51  Marine, Refinery, Command Center  
  92  13:52  Marine x2  
  92  13:53  Marauder  
  92  13:55  Siege Tank  
  97  14:09  Marauder  
  99  14:13  Marine x3  
  99  14:14  Marauder  
  104  14:21  Battlecruiser, Raven  
  106  14:27  Siege Tank  
  106  14:30  Marine  
  96  14:38  Marine  
  96  14:39  Marine, Marauder  
  100  14:48  Marauder  
  100  14:49  Marine  
  99  14:59  Siege Tank  
  102  15:00  Marauder  
  102  15:05  Marine  
  97  15:08  Marine x2  
  97  15:10  Marauder  
  91  15:22  Marauder  
  91  15:23  Marine  
  91  15:25  SCV  
  91  15:26  Marine x2  
  96  15:29  Planetary Fortress  
  96  15:30  SCV  
  96  15:31  Siege Tank, Marine  
  101  15:41  Marine  
  102  15:43  Marauder  
  102  15:44  Marine x2  
  102  15:48  Marine  
  101  15:59  Marine  
  101  16:00  SCV x2  
  101  16:01  Marine  
  101  16:02  Marine  
  101  16:03  Siege Tank, Refinery  
  109  16:05  Marauder  
  109  16:07  Marauder  
  109  16:10  Terran Infantry Armor Level 1  
  106  16:12  SCV x2  
  106  16:16  Marine  
  108  16:34  Marine x2, Marauder  
  108  16:36  Marine x2  
  108  16:37  Siege Tank  
  108  16:39  Raven  
  119  16:40  Liberator  
  118  16:49  SCV  
  118  16:52  Marine  
  118  16:53  SCV x2  
  120  17:01  SCV  
  121  17:08  Marine, Marauder  
  119  17:16  Marine, SCV x2  
  119  17:17  Marine, Marauder  
  119  17:18  Siege Tank  
  119  17:25  Marine, Refinery  
  119  17:26  Supply Depot  
  119  17:28  Supply Depot, SCV  
  114  17:30  Marauder, Supply Depot  
  114  17:38  Marauder  
  114  17:39  Engineering Bay  
  114  17:43  Armory  
  116  17:47  Marine x2  
  116  17:50  Marine  
  116  17:51  Marauder  
  115  17:54  Siege Tank  
  118  18:00  Marauder  
  118  18:05  Marine, Supply Depot  
  112  18:40  Marine, Marauder  
  121  18:59  Supply Depot  
  116  19:06  Factory  
  116  19:12  Marine x2  
  118  19:22  Supply Depot  
  115  19:35  Supply Depot  
Show
View Real Time Build Order
Export as new Build Order

Creideiki Zerg 

Build Orders: Pool First, Swarm Host 

Get SALT Encoding   

  12  0:00  Drone  
  13  0:08  Drone  
  14  0:16  Overlord  
  14  0:33  Spawning Pool  
  13  0:36  Drone  
  13  0:40  Drone  
  15  0:44  Drone  
  15  0:48  Drone  
  17  1:11  Hatchery  
  16  1:19  Queen  
  16  1:22  Drone  
  19  1:26  Drone  
  19  1:29  Drone  
  21  1:33  Extractor  
  21  1:38  Overlord  
  20  1:49  Zergling x2  
  21  1:59  Queen  
  23  2:09  Drone x2  
  25  2:25  Queen  
  25  2:29  Drone x3  
  31  2:30  Drone  
  31  2:31  Extractor  
  31  2:35  Overlord  
  30  3:06  Drone x3  
  30  3:07  Drone x2  
  35  3:14  Baneling Nest  
  35  3:16  Hatchery  
  35  3:17  Drone x2  
  35  3:23  Metabolic Boost  
  35  3:28  Drone x2  
  35  3:32  Drone x2  
  39  3:35  Drone  
  40  3:56  Burrow  
  40  3:59  Overlord x2  
  40  4:00  Zergling x2  
  40  4:01  Zergling x6  
  44  4:09  Lair  
  44  4:18  Drone x6  
  44  4:19  Drone  
  51  4:34  Zergling x6  
  51  4:35  Zergling x4  
  56  4:49  Baneling x4  
  56  4:56  Overlord x3  
  56  4:57  Overlord x3  
  56  5:02  Overlord x2  
  56  5:18  Centrifical Hooks  
  56  5:22  Hydralisk Den  
  55  5:29  Baneling x2  
  55  5:30  Baneling x2  
  55  5:31  Spore Crawler  
  55  5:35  Baneling x4  
  54  5:37  Drone x10  
  64  5:49  Spore Crawler  
  63  5:53  Extractor  
  63  5:54  Extractor  
  61  5:58  Drone x5  
  61  5:59  Drone  
  61  6:03  Queen  
  68  6:30  Grooved Spines  
  68  6:31  Zergling x10  
  68  6:32  Zergling x14  
  80  6:33  Zergling x2  
  81  6:53  Hydralisk x3  
  81  6:54  Hydralisk  
  89  7:15  Extractor  
  89  7:18  Extractor  
  89  7:20  Infestation Pit  
  84  7:37  Zergling x16  
  86  7:38  Zergling x18  
  86  7:41  Muscular Augments  
  86  7:43  Baneling x5  
  101  7:48  Hydralisk x3  
  91  8:39  Zergling x6  
  91  8:40  Zergling x4  
  96  8:42  Overlord x4  
  96  8:47  Queen  
  98  8:48  Queen  
  100  9:06  Baneling  
  100  9:07  Baneling x24  
  100  9:08  Baneling x17  
  100  9:10  Baneling  
  85  9:42  Baneling  
  85  9:43  Baneling x13  
  75  10:23  Hydralisk x8  
  75  10:24  Hydralisk  
  77  11:31  Hydralisk x5  
  77  11:32  Hydralisk x6  
  91  11:33  Drone  
  91  11:34  Drone x11  
  111  11:53  Spore Crawler  
  109  12:02  Swarm Host x5  
  109  12:03  Swarm Host x2  
  119  12:24  Zergling x10  
  122  12:39  Baneling  
  122  12:40  Baneling x6  
  71  13:36  Swarm Host x2  
  71  13:37  Swarm Host x7  
  89  13:59  Queen  
  89  14:01  Hydralisk x6  
  103  14:35  Queen  
  102  14:56  Zergling x10  
  90  15:34  Zergling x10  
  90  15:35  Zergling x8  
  75  16:22  Baneling  
  75  16:23  Baneling x14  
  62  16:32  Zergling x2  
  61  16:33  Zergling x22  
  63  16:44  Spore Crawler  
  63  16:46  Drone  
  63  16:47  Drone x4, Spore Crawler  
  46  17:03  Hydralisk x2  
  40  17:15  Hydralisk  
  40  17:16  Hydralisk x3  
  22  17:45  Hydralisk x2  
  22  17:46  Hydralisk x5  
  34  17:55  Drone  
  34  17:56  Drone  
  34  17:57  Queen  
  38  17:59  Queen  
  15  18:58  Hydralisk  
  15  19:00  Zergling x4  
  12  19:02  Zergling x2  
  12  19:03  Zergling x4  
Tags
 
Add a new tag
Caveats
  • Supply blocks, unpowered buildings, or Contaminate may cause inaccurate times.
  • Supply counts are checked every 10 seconds.